 Dungeon Crawl Stone Soup version 0.21.1-1-g345015fe64 (webtiles) character file.

226 Oravi the Changer (level 6, -1/43 HPs)
             Began as a Merfolk Transmuter on Apr 12, 2018.
             Slain by a leopard gecko (5 damage)
             ... on level 2 of the Dungeon.
             The game lasted 00:06:16 (2392 turns).

Oravi the Changer (Merfolk Transmuter)              Turns: 2392, Time: 00:06:16

Health: -1/43      AC:  2    Str: 11    XL:     6   Next: 1%
Magic:  4/9        EV: 22    Int: 14    God:
Gold:   133        SH:  0    Dex: 19    Spells: 3/9 levels left

rFire    . . .     SeeInvis .     - Unarmed
rCold    . . .     Gourm    .   (shield currently unavailable)
rNeg     . . .     Faith    .   (armour currently unavailable)
rPois    x         Spirit   .   (helmet currently unavailable)
rElec    .         Reflect  .   (cloak currently unavailable)
rCorr    .         Harm     .   (gloves currently unavailable)
MR       .....                  (boots currently unavailable)
Stlth    ++........             (no amulet)
HPRegen  0.14/turn              (no ring)
MPRegen  0.11/turn              (no ring)

@: spider-form
A: tiny, (change form in water), (swift swim), (stealthy swim)
a: End Transformation


You were on level 2 of the Dungeon.
You were hungry.
You were a venomous arachnid creature.
You visited 1 branch of the dungeon, and saw 3 of its levels.

You collected 133 gold pieces.

Inventory:

Missiles
 a - 12 arrows
Armour
 b - a +0 robe (melded)
Scrolls
 f - a scroll of identify
 i - a scroll of blinking
Potions
 e - a potion of lignification
 g - a potion of might {unknown}
 h - a potion of magic
 j - a potion of curing
Books
 c - a book of Changes

   Spells                             Type                      Level
   a - Beastly Appendage              Transmutation                1
   b - Sticks to Snakes               Transmutation                2
   c - Spider Form                    Transmutation/Poison         3
   d - Ice Form                       Ice/Transmutation            4
   e - Blade Hands                    Transmutation                5
Comestibles
 d - 2 rations


   Skills:
 + Level 1.5 Fighting
 + Level 3.9 Dodging
 + Level 4.7 Unarmed Combat
 - Level 2.0 Spellcasting
 * Level 5.3 Transmutations
 * Level 1.8 Poison Magic


You had 3 spell levels left.
You knew the following spells:

 Your Spells              Type           Power        Failure   Level  Hunger
a - Beastly Appendage     Tmut           ###...       10%         1    ##.....
b - Sticks to Snakes      Tmut           ###.....     13%         2    ###....
c - Spider Form           Tmut/Pois      ##........   34%         3    ####...


Dungeon Overview and Level Annotations

Branches:
Dungeon (3/15)

Altars:
Yredelemnul
The Shining One

Annotations:
D:3 Peloso's ghost, weakling MiFi


Message History

You are too injured to fight recklessly!
You barely miss the leopard gecko. The leopard gecko closely misses you.
You closely miss the leopard gecko.
Your transformation has ended.
Your +0 robe unmelds from your body.
The leopard gecko completely misses you.
You barely miss the leopard gecko. The leopard gecko bites you.
The leopard gecko bites you but does no damage.
Peloso's ghost hits you!
* * * LOW HITPOINT WARNING * * *
You climb upwards.
There is a stone staircase leading down here.
Casting: Spider Form
Confirm with . or Enter, or press ? or * to list all spells.
You turn into a venomous arachnid creature.
Your +0 robe melds into your body.
The leopard gecko closely misses you. The leopard gecko barely misses you.
The leopard gecko barely misses you. The leopard gecko bites you.
You die...

#..####.[.#.######### #.
#....##...#.# #....# #.
##.#.##...#.####.##.# #.
#.#..........>...#.# ########.
#.#..............#.# #........
##...........##...#.#####.#######
....[.....#.####.##...<.....#
................l.#######.#.#
............####s.# #.#.#
.[#####.##### #..# #.#.# ..# #.#
#..# #.#.# ..# #.# #..#######.#.#
..# #.# #..........#)###
..#####.### #.########.....#
......#...# ##.# ######.....#
..###.###.# #..# #..........###
...##.# #.# #.## #.............


You could see a leopard gecko.

Vanquished Creatures
  Sigmund (D:2)
  3 adders
  2 worms (D:2)
  A leopard gecko (D:1)
  5 bats
  A giant cockroach (D:2)
  7 goblins
  2 hobgoblins
  2 jackals (D:1)
  4 frilled lizards
  5 kobolds
  3 rats
36 creatures vanquished.

Notes
Turn   | Place    | Note
-------+----------+-------------------------------------------
     0 | D:1      | Oravi the Merfolk Transmuter began the quest for the Orb.
     0 | D:1      | Reached XP level 1. HP: 15/15 MP: 3/3
     5 | D:1      | Reached skill level 3 in Transmutations
   253 | D:1      | Reached XP level 2. HP: 19/21 MP: 3/5
  1143 | D:1      | Reached XP level 3. HP: 12/26 MP: 6/6
  1147 | D:1      | Learned a level 2 spell: Sticks to Snakes
  1151 | D:1      | Learned a level 3 spell: Spider Form
  1378 | D:2      | Noticed Sigmund
  1398 | D:2      | Killed Sigmund
  1398 | D:2      | Reached skill level 5 in Transmutations
  1398 | D:2      | Reached skill level 1 in Poison Magic
  1398 | D:2      | Reached XP level 4. HP: 20/32 MP: 2/7
  1398 | D:2      | Reached XP level 5. HP: 24/37 MP: 2/8
  1978 | D:2      | Reached XP level 6. HP: 37/43 MP: 2/9
  2283 | D:3      | Found a basalt altar of Yredelemnul.
  2288 | D:3      | Found a glowing golden altar of the Shining One.
  2290 | D:3      | Noticed an angel
  2352 | D:3      | Noticed Peloso's ghost (weakling MiFi)
  2392 | D:2      | Slain by a leopard gecko

Skill      XL: |  1  2  3 |
---------------+----------+-----
Transmutations | 3 5 |  5.3
Dodging        | 3 |  3.9
Unarmed Combat | 4 |  4.7
Poison Magic   | 1 |  1.8
Fighting       | |  1.5
Spellcasting   | |  2.0

Action                   |  1- 3 |  4- 6 || total
-------------------------+-------+-------++-------
Melee: Unarmed           |    86 |    42 ||   128
       Headbutt          |     4 |     1 ||     5
       Punch             |     1 |       ||     1
 Cast: Beastly Appendage |    13 |     1 ||    14
       Spider Form       |     2 |     9 ||    11
  Use: Scroll            |     4 |     4 ||     8
       Potion            |     1 |       ||     1
 Stab: Sleeping          |     1 |       ||     1
  Eat: Chunk             |     2 |     4 ||     6
Armor: Robe              |    14 |     1 ||    15
       Skin              |     2 |     1 ||     3
Dodge: Dodged            |    71 |    40 ||   111
